[Event "Deutsche Schachbundesliga"]
[Site "Emsdetten/Germany"]
[Date "2009.11.15"]
[Round "4.7"]
[White "Holzke"]
[Black "Thinius"]
[Result "1-0"]
[WhiteElo "2526"]
[BlackElo "2375"]
[PlyCount "97"]
[EventDate "2009.??.??"]
[WhiteTeam "WAT"]
[BlackTeam "SFB"]
[TimeControl "40/6000+30:20/3000+30:900+30"]
[WhiteClock "0:11:00"]
[BlackClock "0:01:01"]

1. d4 e6 2. e4 d5 3. Nd2 Nf6 4. e5 Nfd7 5. Bd3 c5 6. c3 Nc6 7. Ne2 cxd4 8. cxd4
f6 9. exf6 Nxf6 10. O-O Bd6 11. Nf3 Qc7 12. Bg5 O-O 13. Rc1 Nh5 14. Nc3 a6 15.
Be3 g6 16. Re1 Nf4 17. Bf1 Qg7 18. g3 g5 19. Kh1 g4 20. Ne5 Bxe5 21. dxe5 Ng6
22. Na4 Ngxe5 23. Nb6 Rb8 24. Bc5 Rd8 25. Bg2 Qg6 26. Rc3 d4 27. Rc2 Qf5 28.
Re4 Nf3 29. Rf4 Qh5 30. Bxf3 gxf3 31. Rxf3 Qg6 32. Nxc8 Rbxc8 33. Rf4 h5 34.
Rd2 e5 35. Qb3+ Kh8 36. Rh4 Rd7 37. Qf3 Rh7 38. b4 Re8 39. Qe2 Kg8 40. a4 Qb1+
41. Kg2 Qg6 42. Re4 Rd7 43. b5 axb5 44. axb5 Nd8 45. Rdxd4 Rxd4 46. Bxd4 Nf7
47. Bxe5 Qe6 48. f4 Nd6 49. Qxh5 1-0

[Event "Deutsche Schachbundesliga"]
[Site "Baden-Baden/Germany"]
[Date "2009.11.15"]
[Round "4.1"]
[White "Ikonnikov"]
[Black "Bezold"]
[Result "0-1"]
[WhiteElo "2558"]
[BlackElo "2517"]
[PlyCount "158"]
[EventDate "2009.??.??"]
[WhiteTeam "HDS"]
[BlackTeam "BAY"]
[TimeControl "40/6000+30:20/3000+30:900+30"]
[BlackClock "0:00:51"]

1. d4 d6 2. Nf3 g6 3. c4 Bg7 4. e4 Bg4 5. Be2 Nc6 6. Be3 e5 7. d5 Bxf3 8. Bxf3
Nd4 9. Nc3 Ne7 10. h4 h5 11. g3 c5 12. dxc6 bxc6 13. Bg2 Qa5 14. Rc1 Rb8 15.
Qd2 c5 16. O-O O-O 17. b3 Qd8 18. Rce1 Kh7 19. Bg5 Qd7 20. Kh2 Rbe8 21. Qd1 Ng8
22. Bh3 Qb7 23. Nd5 f6 24. Be3 Ne7 25. Bxd4 cxd4 26. f4 f5 27. Nxe7 Qxe7 28.
exf5 e4 29. fxg6+ Kxg6 30. Bg2 e3 31. Bf3 Rf5 32. Qd3 Qf6 33. Be4 Qe6 34. Bd5
Qf6 35. Re2 Kh6 36. Be4 Rc5 37. b4 Rxc4 38. Qxc4 Rxe4 39. Qd5 Qg6 40. Rd1 Qg4
41. Qg5+ Kh7 42. Qxg4 hxg4 43. Kg2 Re8 44. Kf1 Rc8 45. h5 Kh6 46. Ree1 Rc2 47.
Re2 Rc4 48. Ree1 d5 49. Ke2 Rc2+ 50. Kd3 Rxa2 51. Re2 Ra3+ 52. Kc2 Kxh5 53. Rd3
Ra2+ 54. Kd1 Ra1+ 55. Kc2 Kg6 56. Rb3 Kf5 57. Kd3 Bf6 58. b5 Rd1+ 59. Kc2 Rg1
60. Kd3 Rd1+ 61. Kc2 Rg1 62. Kd3 Rxg3 63. b6 axb6 64. Rxb6 Rg1 65. Rh2 g3 66.
Rh6 Be7 67. Rh7 g2 68. Ke2 Re1+ 69. Kf3 g1=N+ 70. Kg2 Bc5 71. Rf7+ Ke4 72. Re6+
Kd3 73. f5 Ne2 74. Re8 Rg1+ 75. Kh3 Nf4+ 76. Kh2 Rg2+ 77. Kh1 e2 78. f6 Rg3 79.
Rg7 Rh3+ 0-1

[Event "Deutsche Schachbundesliga"]
[Site "Bremen/Germany"]
[Date "2009.11.15"]
[Round "4.4"]
[White "Jaracz"]
[Black "Roiz"]
[Result "1/2-1/2"]
[WhiteElo "2547"]
[BlackElo "2658"]
[PlyCount "44"]
[EventDate "2009.??.??"]
[WhiteTeam "TRI"]
[BlackTeam "WBR"]
[TimeControl "40/6000+30:20/3000+30:900+30"]
[WhiteClock "0:19:00"]
[BlackClock "0:22:00"]

1. d4 Nf6 2. c4 e6 3. Nf3 d5 4. Nc3 c6 5. e3 Nbd7 6. Qc2 Bd6 7. b3 O-O 8. Be2
b6 9. O-O Bb7 10. Bb2 Qe7 11. Rfd1 Rfd8 12. Rac1 Rac8 13. Qb1 a6 14. a4 c5 15.
cxd5 exd5 16. Bd3 cxd4 17. Nxd4 g6 18. Be2 Re8 19. Bf3 Ne5 20. Nce2 Nfg4 21.
Rxc8 Bxc8 22. Bxg4 Nxg4 1/2-1/2

[Event "Deutsche Schachbundesliga"]
[Site "Emsdetten/Germany"]
[Date "2009.11.15"]
[Round "4.8"]
[White "Kachibadze"]
[Black "Richter"]
[Result "1/2-1/2"]
[WhiteElo "2224"]
[BlackElo "2417"]
[PlyCount "73"]
[EventDate "2009.??.??"]
[WhiteTeam "TEG"]
[BlackTeam "EMS"]
[TimeControl "40/6000+30:20/3000+30:900+30"]
[WhiteClock "1:06:00"]
[BlackClock "0:50:00"]

1. e4 e5 2. Nf3 Nc6 3. Bb5 a6 4. Bxc6 dxc6 5. Nc3 f6 6. d4 exd4 7. Nxd4 c5 8.
Nde2 Qxd1+ 9. Nxd1 Be6 10. Bf4 O-O-O 11. Ne3 Ne7 12. Rd1 Rxd1+ 13. Kxd1 g6 14.
Kc1 Bg7 15. Rd1 Rd8 16. Bg3 Bh6 17. Bf4 Bg7 18. Bg3 Bh6 19. Nf4 Bf7 20. Rxd8+
Kxd8 21. Ng4 Bg7 22. Nd3 Be6 23. h3 c4 24. Nf4 Bf7 25. Ne3 Kd7 26. b3 cxb3 27.
axb3 f5 28. Nfd5 Nxd5 29. exd5 Bh6 30. f4 Kd6 31. c4 b5 32. Kc2 Kc5 33. Bf2
Bxf4 34. Nxf5+ Kb4 35. Be1+ Kc5 36. Bf2+ Kb4 37. Be1+ 1/2-1/2

[Event "Deutsche Schachbundesliga"]
[Site "Muellheim/Germany"]
[Date "2009.11.15"]
[Round "4.3"]
[White "Landa"]
[Black "Dgebuadze"]
[Result "1/2-1/2"]
[WhiteElo "2655"]
[BlackElo "2521"]
[PlyCount "42"]
[EventDate "2009.??.??"]
[WhiteTeam "MUL"]
[BlackTeam "REM"]
[TimeControl "40/6000+30:20/3000+30:900+30"]

1. Nf3 d5 2. d4 c6 3. c4 e6 4. Qc2 Nf6 5. g3 Be7 6. Bg2 O-O 7. O-O b6 8. Rd1
Ba6 9. b3 Nbd7 10. Nbd2 Rc8 11. e4 Rc7 12. Bb2 Qb8 13. Re1 Rd8 14. Rad1 Bb7 15.
h4 h6 16. Qb1 Qa8 17. e5 Ne8 18. cxd5 cxd5 19. Bf1 a5 20. a4 Ba6 21. Rc1 Rdc8
1/2-1/2

[Event "Deutsche Schachbundesliga"]
[Site "Emsdetten/Germany"]
[Date "2009.11.15"]
[Round "4.2"]
[White "Lauber"]
[Black "Najer"]
[Result "1/2-1/2"]
[WhiteElo "2517"]
[BlackElo "2663"]
[PlyCount "76"]
[EventDate "2009.??.??"]
[WhiteTeam "SFB"]
[BlackTeam "WAT"]
[TimeControl "40/6000+30:20/3000+30:900+30"]
[WhiteClock "0:49:00"]
[BlackClock "0:52:00"]

1. d4 d5 2. c4 c6 3. Nc3 Nf6 4. e3 e6 5. Nf3 Nbd7 6. Bd3 dxc4 7. Bxc4 b5 8. Bd3
Bd6 9. O-O O-O 10. Ng5 Qc7 11. f4 h6 12. Nge4 b4 13. Nxd6 Qxd6 14. Na4 a5 15.
a3 Ba6 16. Bxa6 Rxa6 17. Bd2 Ne4 18. Qe2 Raa8 19. Rfd1 Rfb8 20. Be1 Qd5 21. Qc2
f5 22. axb4 axb4 23. b3 Ra6 24. Rac1 Ndf6 25. Nc5 Ra3 26. Rb1 Nxc5 27. dxc5 Qe4
28. Qxe4 Nxe4 29. Rdc1 Rb5 30. Rc4 Rxc5 31. Rxe4 fxe4 32. Bxb4 Rca5 33. Bxa5
Rxa5 34. Rc1 c5 35. Rc4 Rb5 36. Rxe4 Kf7 37. Re5 Rxb3 38. Rxc5 Rxe3 1/2-1/2

[Event "Deutsche Schachbundesliga"]
[Site "Emsdetten/Germany"]
[Date "2009.11.15"]
[Round "4.3"]
[White "Macieja"]
[Black "Kraemer"]
[Result "0-1"]
[WhiteElo "2612"]
[BlackElo "2481"]
[PlyCount "58"]
[EventDate "2009.??.??"]
[WhiteTeam "WAT"]
[BlackTeam "SFB"]
[TimeControl "40/6000+30:20/3000+30:900+30"]
[WhiteClock "0:00:04"]
[BlackClock "0:26:00"]

1. Nf3 Nf6 2. c4 e6 3. Nc3 b6 4. g3 Bb7 5. Bg2 Be7 6. d4 Ne4 7. Bd2 O-O 8. Qc2
Nxd2 9. Qxd2 d6 10. Qc2 g6 11. h4 c5 12. d5 exd5 13. Nxd5 Bxd5 14. cxd5 Bf6 15.
h5 Re8 16. Nh4 Bg7 17. f4 Qf6 18. Rb1 Na6 19. Qd2 c4 20. hxg6 hxg6 21. Nf3 Nc5
22. Ng5 Nd3+ 23. Kf1 Nxb2 24. Ne4 Rxe4 25. Bxe4 c3 26. Qc1 Nc4 27. Kg2 Qd4 28.
Bf3 Ne3+ 29. Kh3 f5 0-1

[Event "Deutsche Schachbundesliga"]
[Site "Muellheim/Germany"]
[Date "2009.11.15"]
[Round "4.4"]
[White "Mainka"]
[Black "Fridman"]
[Result "0-1"]
[WhiteElo "2501"]
[BlackElo "2661"]
[PlyCount "94"]
[EventDate "2009.??.??"]
[WhiteTeam "REM"]
[BlackTeam "MUL"]
[TimeControl "40/6000+30:20/3000+30:900+30"]

1. e4 e5 2. Bc4 Nf6 3. d3 c6 4. Nf3 d5 5. Bb3 Bd6 6. Nc3 dxe4 7. Ng5 O-O 8.
Ngxe4 Nxe4 9. Nxe4 Bf5 10. O-O Na6 11. Qf3 Bxe4 12. dxe4 Nc5 13. Bc4 b5 14. Be2
Qh4 15. Rd1 Bc7 16. Be3 Bb6 17. Rd6 Rac8 18. Rad1 Qxe4 19. Bxc5 Qxf3 20. Bxf3
Bxc5 21. Rxc6 b4 22. Rd7 Bb6 23. Kf1 g6 24. Ke2 f5 25. Bd5+ Kh8 26. f3 Rxc6 27.
Bxc6 Rc8 28. Ba4 Bd4 29. Bb3 a5 30. g4 Bxb2 31. gxf5 gxf5 32. Ra7 Bd4 33. Rf7
Rc3 34. Rxf5 Kg7 35. h4 Kg6 36. Rf8 Kh5 37. f4 Re3+ 38. Kd2 Rf3 39. Rf7 e4 40.
Rxh7+ Kg4 41. Bc4 Kg3 42. Rd7 Bf6 43. Rf7 Bc3+ 44. Ke2 Bd4 45. Rd7 Rf2+ 46. Kd1
Bc3 47. Rd8 Rh2 0-1

[Event "Deutsche Schachbundesliga"]
[Site "Muellheim/Germany"]
[Date "2009.11.15"]
[Round "4.5"]
[White "Malakhatko"]
[Black "Swinkels"]
[Result "1/2-1/2"]
[WhiteElo "2569"]
[BlackElo "2511"]
[PlyCount "41"]
[EventDate "2009.??.??"]
[WhiteTeam "MUL"]
[BlackTeam "REM"]
[TimeControl "40/6000+30:20/3000+30:900+30"]

1. d4 Nf6 2. c4 e6 3. Nf3 b6 4. g3 Bb7 5. Bg2 Be7 6. O-O O-O 7. Nc3 Ne4 8. Bd2
f5 9. Qc2 Bf6 10. Rad1 Nxc3 11. Bxc3 Be4 12. Qc1 d6 13. Ne1 Bxg2 14. Nxg2 Nd7
15. Qc2 Qe8 16. e4 fxe4 17. Qxe4 e5 18. Ne3 exd4 19. Qd5+ Qf7 20. Bxd4 Rae8 21.
Bxf6 1/2-1/2

[Event "Deutsche Schachbundesliga"]
[Site "Baden-Baden/Germany"]
[Date "2009.11.15"]
[Round "4.8"]
[White "Meister"]
[Black "Maier"]
[Result "0-1"]
[WhiteElo "2396"]
[BlackElo "2350"]
[PlyCount "114"]
[EventDate "2009.??.??"]
[WhiteTeam "BAY"]
[BlackTeam "HDS"]
[TimeControl "40/6000+30:20/3000+30:900+30"]

1. d4 Nf6 2. c4 e6 3. Nf3 d5 4. Nc3 Bb4 5. Qa4+ Nc6 6. Bd2 O-O 7. e3 Be7 8. Qc2
Nb4 9. Qb1 c5 10. dxc5 Bxc5 11. a3 Nc6 12. b4 Bb6 13. c5 Bc7 14. e4 Ne5 15.
Nxe5 Bxe5 16. Bd3 dxe4 17. Bxe4 a5 18. Bf3 Nd5 19. Bxd5 exd5 20. O-O d4 21. Nb5
axb4 22. Qxb4 Bd7 23. Rfe1 Bf6 24. Nd6 Bc6 25. a4 Qd7 26. Ne4 Be5 27. a5 Rfe8
28. f3 Re6 29. Ng3 Qd5 30. Rad1 Rd8 31. Bc1 d3 32. Be3 h6 33. Bf2 Bc7 34. Rxe6
Qxe6 35. Nf1 Qa2 36. Be1 Qe2 37. Qd2 Rd7 38. Ng3 Qe5 39. Bf2 f5 40. Re1 Qf6 41.
Nf1 Qd8 42. Ra1 Be5 43. Ra3 Bb5 44. Rb3 Ba6 45. c6 bxc6 46. Rb6 Bb5 47. a6 Bb8
48. Rxb8 Qxb8 49. Qa2+ Kh7 50. a7 Qa8 51. h4 c5 52. Bxc5 Bc6 53. Qe6 d2 54.
Nxd2 Rxd2 55. Qxf5+ Kh8 56. Qg6 Rd1+ 57. Kh2 Qd8 0-1

[Event "Deutsche Schachbundesliga"]
[Site "Baden-Baden/Germany"]
[Date "2009.11.15"]
[Round "4.6"]
[White "Mueller"]
[Black "Gustafsson"]
[Result "0-1"]
[WhiteElo "2410"]
[BlackElo "2622"]
[PlyCount "74"]
[EventDate "2009.??.??"]
[WhiteTeam "ERF"]
[BlackTeam "BAD"]
[TimeControl "40/6000+30:20/3000+30:900+30"]
[WhiteClock "0:00:09"]
[BlackClock "0:18:00"]

1. e4 e5 2. Nf3 Nc6 3. d4 exd4 4. Nxd4 Nf6 5. Nxc6 bxc6 6. e5 Qe7 7. Qe2 Nd5 8.
c4 Ba6 9. b3 g6 10. f4 d6 11. Qf2 Nf6 12. Ba3 Qe6 13. Be2 dxe5 14. fxe5 Bxa3
15. Nxa3 Nd7 16. O-O O-O 17. Nc2 Nxe5 18. Rae1 Qe7 19. Bf3 Bb7 20. Nd4 Qc5 21.
b4 Nxf3+ 22. Nxf3 Qxf2+ 23. Rxf2 Rfe8 24. Rfe2 Rxe2 25. Rxe2 Kf8 26. Kf2 a5 27.
a3 axb4 28. axb4 Ra4 29. Rd2 Ke7 30. Re2+ Kf6 31. g4 h6 32. h4 c5 33. g5+ hxg5
34. hxg5+ Kf5 35. Ne5 cxb4 36. Nxf7 b3 37. Kg3 Be4 0-1

[Event "Deutsche Schachbundesliga"]
[Site "Bremen/Germany"]
[Date "2009.11.15"]
[Round "4.8"]
[White "Muzychuk"]
[Black "Reeh"]
[Result "0-1"]
[WhiteElo "2533"]
[BlackElo "2442"]
[PlyCount "72"]
[EventDate "2009.??.??"]
[WhiteTeam "EPP"]
[BlackTeam "HSK"]
[TimeControl "40/6000+30:20/3000+30:900+30"]
[WhiteClock "0:00:12"]
[BlackClock "0:05:10"]

1. e4 e5 2. Nf3 Nc6 3. Bb5 Bc5 4. O-O Nd4 5. Nxd4 Bxd4 6. c3 Bb6 7. d4 c6 8.
Ba4 d6 9. Re1 Nf6 10. Bg5 h6 11. Bh4 g5 12. Bg3 h5 13. f3 h4 14. Bf2 g4 15. Na3
Be6 16. Bb3 Qe7 17. Nc4 g3 18. Be3 gxh2+ 19. Kxh2 Bxc4 20. Bxc4 O-O-O 21. a4
Rdg8 22. a5 Bc7 23. d5 Nh5 24. dxc6 Nf4 25. cxb7+ Kb8 26. Qd2 Rg3 27. Bxf4 exf4
28. Re2 h3 29. Qxf4 d5 30. e5 Rxg2+ 31. Kh1 dxc4 32. Rae1 Rhg8 33. a6 Qc5 34.
Qxf7 Qc6 35. Qf6 Rxe2 36. Rxe2 Qc5 0-1

[Event "Deutsche Schachbundesliga"]
[Site "Muellheim/Germany"]
[Date "2009.11.15"]
[Round "4.2"]
[White "Nikolic"]
[Black "Seel"]
[Result "1/2-1/2"]
[WhiteElo "2602"]
[BlackElo "2493"]
[PlyCount "50"]
[EventDate "2009.??.??"]
[WhiteTeam "SOL"]
[BlackTeam "KAT"]
[TimeControl "40/6000+30:20/3000+30:900+30"]

1. d4 Nf6 2. c4 g6 3. Nf3 Bg7 4. g3 d5 5. Nbd2 c6 6. Bg2 O-O 7. O-O a5 8. Ne5
a4 9. e3 Qb6 10. Re1 Be6 11. c5 Qa7 12. b4 axb3 13. a4 Nbd7 14. Nxd7 Nxd7 15.
Nxb3 Bf5 16. g4 Be6 17. a5 Nf6 18. h3 h5 19. f3 Qb8 20. Qe2 hxg4 21. hxg4 Nh7
22. Ra2 Ng5 23. f4 Ne4 24. Qf3 Qc8 25. Bh3 Bf6 1/2-1/2

[Event "Deutsche Schachbundesliga"]
[Site "Bremen/Germany"]
[Date "2009.11.15"]
[Round "4.5"]
[White "Nyback"]
[Black "Erdos"]
[Result "1/2-1/2"]
[WhiteElo "2615"]
[BlackElo "2591"]
[PlyCount "119"]
[EventDate "2009.??.??"]
[WhiteTeam "WBR"]
[BlackTeam "TRI"]
[TimeControl "40/6000+30:20/3000+30:900+30"]
[WhiteClock "0:31:00"]
[BlackClock "0:37:00"]

1. d4 Nf6 2. c4 c6 3. Nf3 d5 4. e3 e6 5. b3 Nbd7 6. Bb2 Bd6 7. Nbd2 Qe7 8. Qc2
O-O 9. Bd3 e5 10. cxd5 cxd5 11. dxe5 Nxe5 12. Nxe5 Bxe5 13. h3 Bxb2 14. Qxb2 d4
15. e4 Nd5 16. Bc4 Rd8 17. Bxd5 Rxd5 18. O-O Rd8 19. Rfe1 b6 20. Nf3 d3 21. Re3
Ba6 22. b4 Bc4 23. Ne5 Rac8 24. b5 Bxb5 25. Qxb5 Rc5 26. Qb2 Rxe5 27. Rd1 Rxe4
28. Rdxd3 Rxd3 29. Rxd3 Re1+ 30. Kh2 h5 31. Qd2 Qc7+ 32. f4 Re4 33. Rd7 Qxf4+
34. Qxf4 Rxf4 35. Rxa7 h4 36. a4 g5 37. a5 bxa5 38. Rxa5 f6 39. Ra7 Kf8 40. Rb7
Re4 41. Kg1 Re7 42. Rb4 Kf7 43. Kf2 Rc7 44. Rb3 Rc2+ 45. Kf3 Kg6 46. Ra3 Rc4
47. Rb3 f5 48. Rb6+ Kh5 49. Rb5 Rf4+ 50. Ke3 Re4+ 51. Kf3 Kg6 52. Rb6+ Kf7 53.
Rb7+ Kf6 54. Rb6+ Re6 55. Rb3 Rd6 56. Ra3 Rd4 57. Ra6+ Ke5 58. Ra5+ Rd5 59. Ra3
Rd4 60. Ra5+ 1/2-1/2

[Event "Deutsche Schachbundesliga"]
[Site "Muellheim/Germany"]
[Date "2009.11.15"]
[Round "4.2"]
[White "Parligras"]
[Black "Tregubov"]
[Result "0-1"]
[WhiteElo "2547"]
[BlackElo "2649"]
[PlyCount "144"]
[EventDate "2009.??.??"]
[WhiteTeam "REM"]
[BlackTeam "MUL"]
[TimeControl "40/6000+30:20/3000+30:900+30"]
[BlackClock "0:06:35"]

1. e4 c5 2. Nf3 Nc6 3. c3 Nf6 4. e5 Nd5 5. Bc4 Nb6 6. Bb3 c4 7. Bc2 d6 8. exd6
Qxd6 9. O-O Bg4 10. Re1 O-O-O 11. b3 Ne5 12. Rxe5 Bxf3 13. Qe1 Bd5 14. Ba3 Qc6
15. Be4 e6 16. Bxf8 Rhxf8 17. Na3 Rd7 18. Bxd5 Rxd5 19. Re4 cxb3 20. axb3 Rfd8
21. Nc4 Kb8 22. Qe3 Rb5 23. Ne5 Qc7 24. c4 f5 25. cxb5 fxe4 26. Qxe4 Rxd2 27.
Nf3 Rd5 28. Qxh7 Rxb5 29. Qg8+ Nc8 30. Qxe6 Qc3 31. Rb1 a5 32. Qe2 Rb4 33. Qd1
Nb6 34. h4 Ka7 35. Ra1 Rb5 36. Qd4 Qxb3 37. Qxg7 Rd5 38. Kh2 a4 39. Qg6 Qb2 40.
Rb1 Qxf2 41. h5 Qc5 42. h6 Rd6 43. Rb5 Rxg6 44. Rxc5 Rxh6+ 45. Kg3 Rg6+ 46. Kf2
Ka6 47. Nd4 Rg4 48. Nc2 Nd7 49. Rd5 Nb8 50. Kf3 Rc4 51. Ne3 Rc3 52. g4 Nc6 53.
g5 a3 54. g6 Ne7 55. Rd6+ Kb5 56. g7 a2 57. Rd1 Ka4 58. Ke4 Rc5 59. Kd4 Rc8 60.
Ke5 b5 61. Ke6 Ng8 62. Nd5 Kb3 63. Rd3+ Kb2 64. Rd2+ Kb1 65. Rd1+ Kc2 66. Rf1
Rc6+ 67. Ke5 Kb3 68. Rf3+ Ka4 69. Rf1 b4 70. Kd4 b3 71. Nc3+ Kb4 72. Rf8 Rc4+
0-1

[Event "Deutsche Schachbundesliga"]
[Site "Emsdetten/Germany"]
[Date "2009.11.15"]
[Round "4.7"]
[White "Pruijssers"]
[Black "Giemsa"]
[Result "1-0"]
[WhiteElo "2401"]
[BlackElo "2301"]
[PlyCount "69"]
[EventDate "2009.??.??"]
[WhiteTeam "EMS"]
[BlackTeam "TEG"]
[TimeControl "40/6000+30:20/3000+30:900+30"]
[WhiteClock "0:26:00"]
[BlackClock "0:01:23"]

1. e4 e6 2. d4 d5 3. Nc3 Nf6 4. e5 Nfd7 5. f4 c5 6. Nf3 Nc6 7. Be3 Be7 8. Qd2
O-O 9. dxc5 Bxc5 10. Bxc5 Nxc5 11. O-O-O Qa5 12. Kb1 Bd7 13. h4 Rab8 14. Nd4 f6
15. exf6 Rxf6 16. Nxc6 Bxc6 17. Nxd5 Qxd2 18. Nxf6+ gxf6 19. Rxd2 Ne4 20. Rd3
Kf7 21. Rg1 Rg8 22. g3 f5 23. Be2 Bb5 24. Bh5+ Kf6 25. Re3 Bc6 26. Kc1 a5 27.
Be2 e5 28. fxe5+ Kxe5 29. Bd3 Kd4 30. Rf3 Ke5 31. Bxe4 fxe4 32. Rf7 h5 33. Kd2
Ke6 34. Rf4 Ke5 35. Ke3 1-0

[Event "Deutsche Schachbundesliga"]
[Site "Muellheim/Germany"]
[Date "2009.11.15"]
[Round "4.6"]
[White "Ragger"]
[Black "Ris"]
[Result "1-0"]
[WhiteElo "2561"]
[BlackElo "2420"]
[PlyCount "183"]
[EventDate "2009.??.??"]
[WhiteTeam "SOL"]
[BlackTeam "KAT"]
[TimeControl "40/6000+30:20/3000+30:900+30"]

1. e4 c6 2. d4 d5 3. exd5 cxd5 4. c4 Nf6 5. Nc3 Nc6 6. Nf3 Bg4 7. cxd5 Nxd5 8.
Qb3 Bxf3 9. gxf3 e6 10. Qxb7 Nxd4 11. Bb5+ Nxb5 12. Qc6+ Ke7 13. Qxb5 Qd7 14.
Nxd5+ Qxd5 15. Bg5+ f6 16. Qxd5 exd5 17. Be3 Ke6 18. O-O-O Bb4 19. a3 Rhc8+ 20.
Kb1 Bc5 21. Rhe1 Kd6 22. Bf4+ Kc6 23. Re6+ Kd7 24. Re2 d4 25. Be3 Rc6 26. Bxd4
Rd6 27. Red2 Rxd4 28. Rxd4+ Bxd4 29. Rxd4+ Kc6 30. Kc2 f5 31. Rc4+ Kb6 32. Rb4+
Kc6 33. a4 Re8 34. Kd2 Re6 35. Rc4+ Kb6 36. b4 g6 37. Rd4 Kc6 38. Rh4 h5 39.
Rc4+ Kb7 40. h4 a6 41. Rd4 Kc7 42. Rd5 Kc6 43. Rd8 Kc7 44. Rg8 Kc6 45. Kd3 Kd5
46. Rd8+ Kc6 47. Rc8+ Kb7 48. Rg8 Rb6 49. Rg7+ Kb8 50. Kc4 Rc6+ 51. Kd5 Rb6 52.
Kc5 Re6 53. Rd7 Re2 54. Rd6 Kb7 55. Rd7+ Kb8 56. Kc6 Rb2 57. Rd4 Ka7 58. Rd7+
Kb8 59. b5 axb5 60. axb5 Rc2+ 61. Kb6 Kc8 62. Rg7 Rxf2 63. Rxg6 Rxf3 64. Rg5
Kd7 65. Rxh5 f4 66. Kc5 Rc3+ 67. Kd5 Kc7 68. Rf5 f3 69. Rf6 Rb3 70. Kc5 Rc3+
71. Kd4 Rb3 72. Kc4 Re3 73. Kd4 Rb3 74. Kc5 Rc3+ 75. Kb4 Re3 76. h5 Re5 77. h6
Rh5 78. Ka5 Kb7 79. Rf7+ Kb8 80. h7 f2 81. Ka6 Rxh7 82. Rf8+ Kc7 83. b6+ Kc6
84. Rxf2 Rh3 85. Rc2+ Kd7 86. Ka7 Ra3+ 87. Kb7 Rd3 88. Kb8 Rb3 89. b7 Rd3 90.
Rb2 Ra3 91. Rd2+ Ke7 92. Rd4 1-0

[Event "Deutsche Schachbundesliga"]
[Site "Baden-Baden/Germany"]
[Date "2009.11.15"]
[Round "4.4"]
[White "Reiss"]
[Black "Gurevic"]
[Result "0-1"]
[WhiteElo "2414"]
[BlackElo "2470"]
[PlyCount "82"]
[EventDate "2009.??.??"]
[WhiteTeam "BAY"]
[BlackTeam "HDS"]
[TimeControl "40/6000+30:20/3000+30:900+30"]
[WhiteClock "0:50:00"]
[BlackClock "0:53:00"]

1. d4 Nf6 2. Bg5 e6 3. e4 h6 4. Bxf6 Qxf6 5. Nc3 d6 6. Qd2 c6 7. f4 e5 8. dxe5
dxe5 9. f5 Bb4 10. Nf3 Nd7 11. a3 Ba5 12. O-O-O Qe7 13. Bc4 Nf6 14. Qd3 Bd7 15.
Ne2 Rd8 16. Ng3 b5 17. Ba2 Bc8 18. Qe2 O-O 19. Nh4 Kh7 20. Nh5 Nxe4 21. Qxe4
Qg5+ 22. Kb1 Qxh5 23. f6+ Kg8 24. Rdf1 gxf6 25. b4 Bb6 26. Rxf6 Rd4 27. Qg6+
Qxg6 28. Nxg6 Kg7 29. Rhf1 Rfd8 30. Bxf7 Rd1+ 31. Ka2 Rxf1 32. Rxf1 Rd2 33. Kb3
e4 34. Ne7 Bd7 35. Bg8 Rf2 36. Rd1 Bg4 37. Rd6 Rf6 38. Rxf6 Kxf6 39. Nxc6 e3
40. Kc3 e2 41. Kd2 Bf2 0-1

[Event "Deutsche Schachbundesliga"]
[Site "Bremen/Germany"]
[Date "2009.11.15"]
[Round "4.3"]
[White "Rogozenco"]
[Black "Balogh"]
[Result "1/2-1/2"]
[WhiteElo "2541"]
[BlackElo "2640"]
[PlyCount "71"]
[EventDate "2009.??.??"]
[WhiteTeam "HSK"]
[BlackTeam "EPP"]
[TimeControl "40/6000+30:20/3000+30:900+30"]
[WhiteClock "0:06:40"]
[BlackClock "0:10:00"]

1. c4 Nf6 2. Nc3 e5 3. Nf3 Nc6 4. g3 Bb4 5. Nd5 Bc5 6. Bg2 O-O 7. O-O d6 8. d3
Nxd5 9. cxd5 Nd4 10. Nxd4 Bxd4 11. e3 Bb6 12. b4 a5 13. bxa5 Bxa5 14. Bd2 f5
15. Bxa5 Rxa5 16. f4 Qe7 17. Re1 b6 18. Qc2 Rc5 19. Qb2 exf4 20. exf4 Qf6 21.
Qxf6 Rxf6 22. Rac1 Kf8 23. d4 Rxc1 24. Rxc1 Rf7 25. Re1 Ba6 26. Kf2 Bc4 27. a3
Rd7 28. Rc1 Ba6 29. Re1 g6 30. Bf3 Kf7 31. Re3 Bb5 32. Rb3 Bc4 33. Rc3 Ba6 34.
Re3 Rd8 35. Rc3 Rd7 36. Re3 1/2-1/2

[Event "Deutsche Schachbundesliga"]
[Site "Emsdetten/Germany"]
[Date "2009.11.15"]
[Round "4.5"]
[White "Rustemov"]
[Black "Agopov"]
[Result "1/2-1/2"]
[WhiteElo "2532"]
[BlackElo "2442"]
[PlyCount "69"]
[EventDate "2009.??.??"]
[WhiteTeam "WAT"]
[BlackTeam "SFB"]
[TimeControl "40/6000+30:20/3000+30:900+30"]
[WhiteClock "0:03:50"]
[BlackClock "0:09:30"]

1. d4 Nf6 2. Nf3 g6 3. c4 Bg7 4. g3 d5 5. cxd5 Nxd5 6. Bg2 Nb6 7. O-O Nc6 8.
Nc3 O-O 9. e3 Re8 10. Re1 a5 11. h3 h6 12. Qe2 Be6 13. b3 a4 14. Rb1 axb3 15.
axb3 f5 16. Nd2 Nd5 17. Bb2 Nxc3 18. Bxc3 Bd5 19. Bxd5+ Qxd5 20. Qc4 e6 21. Ra1
Red8 22. Rxa8 Rxa8 23. Ra1 Rxa1+ 24. Bxa1 Kf7 25. Bc3 Bf8 26. f3 Qxc4 27. bxc4
Bb4 28. Bxb4 Nxb4 29. Kf2 e5 30. Ke2 exd4 31. exd4 c6 32. f4 b5 33. d5 bxc4 34.
dxc6 Nxc6 35. Nxc4 1/2-1/2

[Event "Deutsche Schachbundesliga"]
[Site "Emsdetten/Germany"]
[Date "2009.11.15"]
[Round "4.4"]
[White "Schneider"]
[Black "Bartel"]
[Result "1/2-1/2"]
[WhiteElo "2508"]
[BlackElo "2619"]
[PlyCount "44"]
[EventDate "2009.??.??"]
[WhiteTeam "SFB"]
[BlackTeam "WAT"]
[TimeControl "40/6000+30:20/3000+30:900+30"]
[WhiteClock "0:30:00"]
[BlackClock "0:46:00"]

1. e4 e6 2. d4 d5 3. Nc3 Bb4 4. exd5 exd5 5. Bd3 Nc6 6. a3 Bxc3+ 7. bxc3 Nf6 8.
Ne2 O-O 9. O-O h6 10. Ng3 Re8 11. Bf4 Ne7 12. Re1 Be6 13. Be5 Ng6 14. f4 Ng4
15. Nf5 N4xe5 16. fxe5 Qg5 17. Qf3 Bxf5 18. Qxf5 Qxf5 19. Bxf5 Nf4 20. Rab1
Rab8 21. Bd7 Rf8 22. e6 Nxe6 1/2-1/2

[Event "Deutsche Schachbundesliga"]
[Site "Baden-Baden/Germany"]
[Date "2009.11.15"]
[Round "4.8"]
[White "Schuetze"]
[Black "Schlosser"]
[Result "0-1"]
[WhiteElo "2278"]
[BlackElo "2555"]
[PlyCount "82"]
[EventDate "2009.??.??"]
[WhiteTeam "ERF"]
[BlackTeam "BAD"]
[TimeControl "40/6000+30:20/3000+30:900+30"]
[WhiteClock "0:16:00"]
[BlackClock "0:07:53"]

1. e4 c5 2. Nf3 e6 3. d4 cxd4 4. Nxd4 a6 5. Bd3 Bc5 6. Nb3 Be7 7. O-O d6 8. f4
Nc6 9. Qe2 Nf6 10. Nc3 Nd7 11. Kh1 b5 12. Bd2 Bb7 13. a4 b4 14. Na2 a5 15. c3
bxc3 16. Nxc3 O-O 17. Nb5 Nb4 18. Bb1 Qb6 19. N3d4 Rfc8 20. Ra3 Ba6 21. Rg3 g6
22. Bc3 Bf6 23. Nxe6 Bxb5 24. axb5 fxe6 25. Bxf6 Nxf6 26. e5 Ne8 27. Bxg6 hxg6
28. Rxg6+ Ng7 29. Qg4 Qb7 30. Rxe6 Nd3 31. Rxd6 Qe4 32. Qg3 Nxf4 33. h3 Nfh5
34. Qg5 Re8 35. e6 Rxe6 36. Rxe6 Qxe6 37. Rd1 Nf6 38. Qc5 Ne4 39. Qd5 Rb8 40.
Kg1 Qxd5 41. Rxd5 Ne6 0-1

[Event "Deutsche Schachbundesliga"]
[Site "Muellheim/Germany"]
[Date "2009.11.15"]
[Round "4.8"]
[White "Schulz"]
[Black "Schebler"]
[Result "1-0"]
[WhiteElo "2385"]
[BlackElo "2486"]
[PlyCount "152"]
[EventDate "2009.??.??"]
[WhiteTeam "REM"]
[BlackTeam "MUL"]
[TimeControl "40/6000+30:20/3000+30:900+30"]

1. d4 Nf6 2. Nf3 e6 3. c4 Bb4+ 4. Bd2 Bxd2+ 5. Qxd2 O-O 6. Nc3 d5 7. e3 Qe7 8.
cxd5 exd5 9. Bd3 Nbd7 10. O-O c6 11. Qc2 Re8 12. Rab1 Nf8 13. b4 a6 14. Na4 Ng6
15. Nb6 Rb8 16. Nxc8 Rbxc8 17. Bf5 Rc7 18. Rfc1 Ne4 19. a4 Qf6 20. Bxe4 dxe4
21. Nd2 Rce7 22. b5 cxb5 23. axb5 h6 24. bxa6 bxa6 25. Qc5 Nh4 26. Rb6 Re6 27.
Rxe6 Rxe6 28. Qh5 Qd8 29. g3 Ng6 30. Qc5 Ne7 31. Qa7 f5 32. Rc7 f4 33. exf4 e3
34. fxe3 Rxe3 35. Kf2 Re6 36. Qc5 Qd5 37. Qxd5 Nxd5 38. Rc8+ Kf7 39. Nc4 Kf6
40. Ne5 g5 41. Rd8 Nc3 42. d5 Rb6 43. Nd7+ Ke7 44. Nxb6 Kxd8 45. fxg5 hxg5 46.
Kf3 a5 47. Kg4 a4 48. Nxa4 Nxa4 49. Kxg5 Nc3 50. Kf6 Ke8 51. Ke6 Ne4 52. g4
Nc5+ 53. Kd6 Ne4+ 54. Ke6 Nc5+ 55. Kf5 Nb7 56. h4 Kf7 57. Ke5 Ke7 58. h5 Nd6
59. g5 Nc4+ 60. Ke4 Nd6+ 61. Kf4 Kf7 62. Ke3 Nf5+ 63. Kf3 Nd6 64. Ke3 Nf5+ 65.
Kd3 Ke7 66. h6 Kf7 67. h7 Kg7 68. Ke4 Nd6+ 69. Ke5 Nc4+ 70. Kd4 Nd6 71. g6 Nf5+
72. Ke5 Ne7 73. d6 Nxg6+ 74. Ke6 Nf8+ 75. Ke7 Ng6+ 76. Ke8 Ne5 1-0